 Dungeon Crawl Stone Soup version 0.29-a0-1008-g949cc1d0fb (webtiles) character file.

Game seed: 13060633400627588160

1281 garrulousMonolith the Digger (level 8, -9/47 HPs)
             Began as a Gargoyle Earth Elementalist on Aug 8, 2022.
             Mangled by a yak (10 damage)
             ... on level 5 of the Dungeon.
             The game lasted 00:06:15 (5144 turns).

garrulousMonolith the Digger (GrEE)                 Turns: 5144, Time: 00:06:16

Health: -9/47      AC: 16    Str: 21    XL:     8   Next: 54%
Magic:  2/14       EV: 12    Int: 21    God:
Gold:   397        SH:  0    Dex: 12    Spells: 9/15 levels left

rFire   . . .      SeeInvis .   j - staff of earth
rCold   . . .      Faith    .   (no shield)
rNeg    + . .      Spirit   .   r - +4 ring mail "Niumm" {Str+4 Int+2 Dex+2}
rPois   ∞          Reflect  .   (no helmet)
rElec   +          Harm     .   q - +0 cloak
rCorr   .          Rampage  .   m - +0 pair of gloves
Will    .....                   (no boots)
Stlth   +.........              (no amulet)
HPRegen 0.15/turn               x - +6 ring of strength
MPRegen 0.14/turn               (no ring)

@: no status effects
A: sickness immunity, AC +5, negative energy resistance 1, electricity
resistance, torment resistance 1, petrification resistance
a: no special abilities


You were on level 5 of the Dungeon.
You visited 1 branch of the dungeon, and saw 5 of its levels.
You also visited: Sewer.

You collected 397 gold pieces.

Inventory:

Hand Weapons
 f - a +0 short sword of venom
Missiles
 o - 2 poisoned darts
Armour
 m - a +0 pair of gloves (worn)
 q - a +0 cloak (worn)
 r - the +4 ring mail "Niumm" (worn) {Str+4 Int+2 Dex+2}
   (You found it on level 2 of the Dungeon)

   Str:       It affects your strength (+4).
   Int:       It affects your intelligence (+2).
   Dex:       It affects your dexterity (+2).
Magical Staves
 j - a staff of earth (weapon)
Jewellery
 t - an amulet of faith
 x - a +6 ring of strength (left hand)
Wands
 s - a wand of iceblast (5)
 v - a wand of flame (9)
Scrolls
 c - a scroll of silence {unknown}
 g - 2 scrolls of blinking {unknown}
 k - 3 scrolls of teleportation
 n - a scroll of enchant weapon {unknown}
 p - 3 scrolls of amnesia {unknown}
 w - a scroll of enchant armour {unknown}
 y - a scroll of magic mapping {unknown}
 B - 2 scrolls of fog {unknown}
Potions
 b - a potion of magic
 e - 2 potions of mutation
 h - 2 potions of resistance
 u - a potion of lignification {unknown}
 z - 2 potions of might
 A - a potion of attraction {unknown}
 C - 2 potions of curing
 D - a potion of cancellation {unknown}


   Skills:
 + Level 3.6 Fighting
 + Level 3.2 Staves
 + Level 3.5 Dodging
 - Level 3.0 Stealth
 + Level 4.0 Spellcasting
 * Level 2.2 Conjurations
 - Level 2.0 Transmutations
 * Level 7.3 Earth Magic
 + Level 1.1 Evocations


You had 9 spell levels left.
You knew the following spells:

 Your Spells              Type           Power      Damage    Failure   Level
a - Sandblast             Erth           100%       2d20      1%          1
b - Stone Arrow           Conj/Erth      72%        3d11      9%          3
c - Passwall              Tmut/Erth      29%        N/A       4%          2

Your spell library contained the following spells:

 Spells                   Type           Power      Damage    Failure   Level
 Sting                    Tmut/Pois      32%        1d4       13%         1
 Summon Small Mammal      Summ           16%        N/A       21%         1
 Ensorcelled Hibernation  Hex/Ice        8%         N/A       30%         2
 Poisonous Vapours        Pois/Air       8%         N/A       30%         2
 Petrify                  Tmut/Erth      35%        N/A       30%         4
 Call Canine Familiar     Summ           4%         N/A       52%         3
 Summon Guardian Golem    Hex/Summ       4%         N/A       52%         3
 Swiftness                Air            4%         N/A       52%         3
 Olgreb's Toxic Radiance  Pois           4%         N/A       89%         4


Dungeon Overview and Level Annotations

Branches:
Dungeon (5/15)              Sewer (visited)
 Temple: D:4-7

Altars:
Kikubaaqudgha
Nemelex Xobeh

Shops:
D:4 ?


Innate Abilities, Weirdness & Mutations

You are immune to sickness and miasma.
Your stone body is resilient. (AC +5)
You are immune to poison.
You resist negative energy. (rN+)
You are resistant to electric shocks. (rElec)
You are resistant to unholy torment.
You are immune to petrification.


Message History

You feel a surge of power!
The blast of sand hits the yak!
You kill the yak!
The yak gores you but does no damage.
Your Spellcasting skill increases to level 4!
Your Conjurations skill increases to level 2!
Your Evocations skill increases to level 1!
Casting: Sandblast (safe; 1% risk of failure)
Confirm with . or Enter, or press ? or * to list all spells.
Aiming: Sandblast (safe; 1% risk of failure)
Press: ? - help, Shift-Dir - straight line, f - yak
Aim: a yak (91% to hit)
You feel a surge of power!
The blast of sand hits the yak.
The yak is lightly wounded.
The yak gores you. The yak completely misses you.
Casting: Sandblast (safe; 1% risk of failure)
Confirm with . or Enter, or press ? or * to list all spells.
Aiming: Sandblast (safe; 1% risk of failure)
Press: ? - help, Shift-Dir - straight line, f/p - yak
Aim: a yak (lightly wounded, 91% to hit)
You feel a surge of power!
The blast of sand misses the yak.
The yak gores you!
* * * LOW HITPOINT WARNING * * *
The yak gores you.
* * * LOW HITPOINT WARNING * * *
Casting: Sandblast (safe; 1% risk of failure)
Confirm with . or Enter, or press ? or * to list all spells.
Aiming: Sandblast (safe; 1% risk of failure)
Press: ? - help, Shift-Dir - straight line, f/p - yak
Aim: a yak (lightly wounded, 91% to hit)
You feel a surge of power!
The blast of sand hits the yak!
The yak is heavily wounded.
The yak gores you.
* * * LOW HITPOINT WARNING * * *
The yak misses you.
Casting: Sandblast (safe; 1% risk of failure)
Confirm with . or Enter, or press ? or * to list all spells.
Aiming: Sandblast (safe; 1% risk of failure)
Press: ? - help, Shift-Dir - straight line, f/p - yak
Aim: a yak (heavily wounded, 91% to hit)
You feel a surge of power!
The blast of sand misses the yak.
The yak gores you!
You die...

.........>......##..~~≈≈≈##
......###'#..####....~≈≈≈≈#
...........#..........≈≈≈≈#
...........#.........≈≈≈≈≈#
.[.........#.........~~≈≈≈#
.<.........#.####...~.~≈≈≈#
#+#+#......#..#.##...~~≈≈##
#......##.#..###.≈~###
#......##..#@# #####
#......###.#Y# .......#
#.#Y# #....# ##.#.# #...#
..... ......# ... ...


You could see 2 yaks.

Vanquished Creatures
  3 yaks (D:5)
  An ice beast (D:5)
  2 ogres
  2 phantoms (D:4)
  A scorpion (D:4)
  A necrophage (D:3)
  An orc priest (D:3)
  Jessica (D:3)
  Natasha (twice) (D:3)
  3 river rats (Sewer)
  8 adders
  A worm (D:3)
  4 dart slugs
  4 orcs
  7 ball pythons
  6 endoplasms
  3 giant cockroaches
  6 hobgoblins
  3 jackals
  6 kobolds
  4 quokkas
  6 bats
  8 frilled lizards
  12 goblins
  9 rats
104 creatures vanquished.

Vanquished Creatures (others)
  A plant (D:3)
1 creature vanquished.

Grand Total: 105 creatures vanquished

Notes
Turn   | Place    | Note
-------+----------+-------------------------------------------
     0 | D:1      | garrulousMonolith the Gargoyle Earth Elementalist began the
                  | quest for the Orb.
     0 | D:1      | Reached XP level 1. HP: 10/10 MP: 3/3
   135 | D:1      | Reached skill level 1 in Transmutations
   135 | D:1      | Reached XP level 2. HP: 15/15 MP: 3/5
   546 | D:1      | Reached XP level 3. HP: 17/19 MP: 2/6
   733 | D:1      | Reached skill level 4 in Earth Magic
  2093 | D:2      | Reached XP level 4. HP: 24/24 MP: 4/7
  2217 | D:2      | Learned a level 3 spell: Stone Arrow
  2220 | D:2      | Learned a level 2 spell: Passwall
  2570 | D:2      | Identified the +4 ring mail "Niumm" {Str+4 Int+2 Dex+2}
  2890 | D:3      | Noticed Jessica
  2891 | D:3      | Killed Jessica
  2900 | D:3      | Noticed Natasha
  2904 | D:3      | Killed Natasha
  2905 | D:3      | Reached skill level 1 in Fighting
  2905 | D:3      | Reached XP level 5. HP: 29/29 MP: 5/9
  2942 | D:3      | Found an ancient bone altar of Kikubaaqudgha.
  2984 | D:3      | Noticed an ogre
  2992 | D:3      | Killed an ogre
  2993 | D:3      | Reached skill level 1 in Staves
  3308 | D:3      | Found a sparkling altar of Nemelex Xobeh.
  3325 | D:3      | Reached skill level 5 in Earth Magic
  3390 | D:3      | Reached XP level 6. HP: 34/34 MP: 8/10
  3518 | D:3      | Found a faded altar of an unknown god.
  3729 | D:3      | Noticed Natasha
  3734 | D:3      | Killed Natasha
  4082 | D:4      | Reached XP level 7. HP: 37/40 MP: 7/11
  4149 | D:4      | Reached skill level 6 in Earth Magic
  4325 | D:4      | Found a glowing drain.
  4341 | Sewer    | Entered a sewer
  4804 | D:4      | Found Irysikko's Magic Scroll Shop.
  5034 | D:5      | Entered Level 5 of the Dungeon
  5077 | D:5      | Reached XP level 8. HP: 46/46 MP: 10/13
  5126 | D:5      | Noticed a yak
  5127 | D:5      | Noticed a yak
  5127 | D:5      | Noticed a yak
  5127 | D:5      | Noticed a yak
  5127 | D:5      | Noticed a yak
  5133 | D:5      | Killed a yak
  5134 | D:5      | Reached skill level 1 in Conjurations
  5136 | D:5      | Killed a yak
  5137 | D:5      | Reached skill level 7 in Earth Magic
  5140 | D:5      | Killed a yak
  5141 | D:5      | Reached skill level 1 in Evocations
  5143 | D:5      | HP: 1/47 [yak (3)]
  5144 | D:5      | Mangled by a yak

Illustrated notes

Levels and vault maps discovered:
D:1:      minmay_arrival_shoal_huts, layout_basic, minmay_pentomino_s2
D:2:      layout_basic
D:3:      layout_loops_ring, mainiacjoe_overflow_catwalk_spiral,
          shapermc_ecumenical_altar_acropolis, uniq_jessica, uniq_natasha
D:4:      layout_cave_pools, serial_column_ruins, column_ruins_hut,
          column_ruins_grid_3, column_ruins_open_small, column_ruins_open_small,
          column_ruins_columns_straight, column_ruins_open_small,
          column_ruins_grid_4, column_ruins_open_small, portal_sewer_entry_a,
          nicolae_take_the_stairs
D:5:      minmay_bubble_buster, layout_basic, serial_shops,
          nicolae_shop_hallway_plus, nicolae_underground_beach

Skill      XL: |  1  2  3  4  5  6  7  8 |
---------------+-------------------------+-----
Transmutations | 1 2 |  2.0
Earth Magic    | 4 5 6 7 |  7.3
Dodging        | 2 3 |  3.5
Stealth        | 3 |  3.0
Fighting       | 1 2 3 |  3.6
Staves         | 1 2 3 |  3.2
Spellcasting   | 3 4 |  4.0
Conjurations   | 2 |  2.2
Evocations     | 1 |  1.1

Action                   |  1- 3 |  4- 6 |  7- 9 || total
-------------------------+-------+-------+-------++-------
Melee: Staff             |    13 |     9 |     3 ||    25
       Dagger            |     1 |       |       ||     1
       Hand axe          |     1 |       |       ||     1
 Cast: Sandblast         |    51 |    49 |    65 ||   165
  Use: Scroll            |     1 |     3 |     2 ||     6
       Potion            |       |     1 |       ||     1
Armor: Robe              |     8 |       |       ||     8
       Leather armour    |     4 |     7 |       ||    11
       Ring mail         |       |    25 |    32 ||    57
Dodge: Dodged            |    13 |    39 |    38 ||    90

Table legend: (Time is in decaauts)
 A = Elapsed time spent in this place.
 B = Non-inter-level travel time spent in this place.
 C = Inter-level travel time spent in this place.
 D = Time resting spent in this place.
 E = Time spent auto-exploring this place.
 F = Levels seen in this place.
 G = Mean time per level.
                   A        B        C        D        E       F      G
               +--------+--------+--------+--------+--------+-----+--------+
         Total |   5350 |   5194 |    156 |    578 |   3786 |   6 |  891.7 |
       Dungeon |   4860 |   4704 |    156 |    578 |   3402 |   5 |  972.0 |
         Sewer |    489 |    489 |      0 |      0 |    383 |   1 |  489.0 |
               +--------+--------+--------+--------+--------+-----+--------+

Top non-repeatable levels by time:
     D:2: 1464 daAuts
     D:3: 1386 daAuts
     D:1: 1288 daAuts
     D:4: 592 daAuts
   Sewer: 489 daAuts
     D:5: 128 daAuts
